 Dungeon Crawl Stone Soup version 0.28.0-1-gb440e238dd (webtiles) character file.

Game seed: 7614917484623552281

41379 hawla the Carver (level 13, 0/103 HPs)
             Began as a Purple Draconian Conjurer on Feb 21, 2022.
             Was an Elder of Vehumet.
             Killed from afar by a war gargoyle (32 damage)
             ... with a spray of metal splinters
             ... on level 14 of the Dungeon on Feb 22, 2022.
             The game lasted 01:05:48 (20982 turns).

hawla the Carver (Purple Draconian Conjurer)       Turns: 20982, Time: 01:05:48

Health: 0/103      AC: 19    Str: 10    XL:     13   Next: 79%
Magic:  38/44      EV: 14    Int: 34    God:    Vehumet [****..]
Gold:   878        SH:  7    Dex: 20    Spells: 4/30 levels left

rFire   . . .      SeeInvis .   F - +2 scimitar (flame)
rCold   . . .      Faith    .   N - +3 buckler {AC+3}
rNeg    . . .      Spirit   .   (armour unavailable)
rPois   .          Reflect  .   (helmet restricted)
rElec   +          Harm     .   O - scarf {repulsion}
rCorr   .          Rampage  .   x - +1 pair of gloves
Will    +....                   Z - +1 pair of boots {Fly}
Stlth   +++.......              (no amulet)
HPRegen 0.27/turn               K - ring of Veqinin {MP+9 Int+5 Dex+4 Slay+5}
MPRegen 0.29/turn               a - ring of Geulagie {rElec MP+9 AC+4 Int+3 Dex+5}

@: unable to drink, flying, repel missiles
A: breathe power, AC +8, unfitting armour, cold-blooded, clever 2, MP-powered
wands
a: Breathe Dispelling Energy, Renounce Religion


You were on level 14 of the Dungeon.
You worshipped Vehumet.
Vehumet was greatly pleased with you.
You visited 2 branches of the dungeon, and saw 15 of its levels.

You collected 1919 gold pieces.
You spent 1041 gold pieces at shops.

Inventory:

Hand Weapons
 r - the +8 falchion of Courage {protect, rF+ Int+4 SInv}
   (You found it on level 3 of the Dungeon)

   It grants its wielder temporary protection when it strikes (+7 to AC).
   Int:       It affects your intelligence (+4).
   rF:        It protects you from fire.
   SInv:      It lets you see invisible.
 F - a +2 scimitar of flaming (weapon)
Missiles
 c - 3 boomerangs of dispersal
 k - a curare-tipped dart
 p - 38 poisoned darts (quivered)
 V - 2 throwing nets
 Y - 3 boomerangs
Armour
 x - a +1 pair of gloves (worn)
 N - a +3 buckler of protection (worn)
 O - a scarf of repulsion (worn)
 Z - a +1 pair of boots of flying (worn)
Magical Staves
 A - a staff of cold
 G - a staff of death
 Q - a staff of air
Jewellery
 a - the ring of Geulagie (right hand) {rElec MP+9 AC+4 Int+3 Dex+5}
   (You bought it in a shop on level 2 of the Dungeon)

   [ring of protection]

   AC:        It affects your AC (+4).
   Int:       It affects your intelligence (+3).
   Dex:       It affects your dexterity (+5).
   rElec:     It insulates you from electricity.
   MP:        It affects your magic capacity (+9).
 K - the ring of Veqinin (left hand) {MP+9 Int+5 Dex+4 Slay+5}
   (You took it off a tengu warrior on level 8 of the Dungeon)

   [ring of magical power]

   Int:       It affects your intelligence (+5).
   Dex:       It affects your dexterity (+4).
   Slay:      It affects your accuracy & damage with ranged weapons and melee
   (+5).
   MP:        It affects your magic capacity (+9).
Wands
 b - a wand of iceblast (3)
 l - a wand of acid (14)
 s - a wand of paralysis (4)
 t - a wand of charming (4)
 w - a wand of mindburst (9)
 C - a wand of digging (3)
 P - a wand of flame (36)
Scrolls
 m - 5 scrolls of amnesia
 z - a scroll of silence
 T - a scroll of enchant weapon
 U - a scroll of identify
 W - 2 scrolls of immolation
Potions
 e - a potion of magic
 f - 3 potions of ambrosia
 g - 2 potions of brilliance
 j - a potion of cancellation
 q - 2 potions of lignification
 E - a potion of heal wounds
 H - 5 potions of curing
 J - 2 potions of flight
 S - a potion of invisibility
Miscellaneous
 I - a box of beasts


   Skills:
 - Level 6.5 Fighting
 - Level 14.0 Long Blades
 + Level 4.3 Throwing
 - Level 4.0 Dodging
 - Level 4.0 Stealth
 - Level 0.1 Shields
 + Level 9.1 Spellcasting
 + Level 7.1 Conjurations
 - Level 1.0 Hexes
 - Level 2.0 Translocations
 - Level 0.5 Transmutations
 - Level 0.5 Fire Magic
 - Level 12.0 Ice Magic
 + Level 7.2 Air Magic
 + Level 2.3 Earth Magic
 - Level 0.5 Poison Magic
 - Level 1.0 Evocations


You had 4 spell levels left.
You knew the following spells:

 Your Spells              Type           Power      Damage    Failure   Level
a - Magic Dart            Conj           100%       1d8       1%          1
b - Searing Ray           Conj           100%       2d8       1%          2
c - Iskenderun's Mystic   Conj/Tloc      46%        2d10      1%          4
d - Ozocubu's Refrigerat  Ice            38%        4d12      7%          7
e - Mephitic Cloud        Conj/Pois/Air  49%        N/A       1%          3
f - Ignite Poison         Fire/Tmut/Pois 18%        N/A       2%          3
g - Iron Shot             Conj/Erth      23%        9d5       22%         6

Your spell library contained the following spells:

 Spells                   Type           Power      Damage    Failure   Level
 Lee's Rapid Deconstruct  Erth           15%        3d11*     11%         5
 Conjure Flame            Conj/Fire      41%        6-21      1%          3
 Dazzling Flash           Conj/Hex       86%        N/A       1%          3
 Ozocubu's Armour         Ice            77%        N/A       1%          3
 Fulminant Prism          Conj/Hex       21%        3d13      2%          4
 Sticky Flame             Conj/Fire      41%        2d6       2%          4
 Beastly Appendage        Tmut           36%        N/A       3%          1
 Summon Small Mammal      Summ           60%        N/A       4%          1
 Wereblood                Tmut           18%        N/A       4%          2
 Spider Form              Tmut/Pois      18%        N/A       10%         3
 Summon Guardian Golem    Hex/Summ       18%        N/A       10%         3
 Call Canine Familiar     Summ           15%        N/A       12%         3
 Starburst                Conj/Fire      20%        6d7       30%         6
 Blade Hands              Tmut           9%         N/A       65%         5
 Animate Armour           Summ/Erth      Unusable   N/A       N/A         4

Dungeon Overview and Level Annotations

Branches:
Dungeon (14/15)            Temple (1/1) D:6            Lair (0/6) D:11
    Orc (0/2) D:12         Vaults (0/5) D:14

Altars:
Ashenzari
Cheibriados
Dithmenos
Elyvilon
Fedhas
Gozag
Hepliaklqana
Kikubaaqudgha
Makhleb
Nemelex Xobeh
Okawaru
Qazlal
Ru
Sif Muna
Trog
Uskayaw
Vehumet
Wu Jian
Xom
Yredelemnul
Zin
The Shining One

Shops:
D:2 =   D:9 *

Annotations:
D:7 1 runed translucent door
D:8 2 transporters, croobank's ghost, novice DjFE


Innate Abilities, Weirdness & Mutations

You can breathe bolts of dispelling energy.
Your rich purple scales are hard. (AC +8)
You cannot fit into any form of body armour.
You are cold-blooded and may be slowed by cold attacks.
Your mind is very acute. (Int +4)
You expend magic power (3 MP) to strengthen your wands.


Message History

The war gargoyle is lightly damaged.
The war gargoyle is knocked back by the mystic blast.
The war gargoyle slams into the stone wall!
The mystic blast hits the three-headed hydra!
The three-headed hydra is severely wounded.
The three-headed hydra is knocked back by the mystic blast.
The three-headed hydra slams into the stone wall!
The three-headed hydra is severely wounded.
The mystic blast hits the deep elf zephyrmancer!
The deep elf zephyrmancer is moderately wounded.
The deep elf zephyrmancer is knocked back by the mystic blast.
The three-headed hydra barely misses you.
The three-headed hydra closely misses you.
The three-headed hydra bites you!
The deep elf zephyrmancer gestures at you while chanting.
The bolt of lightning hits you. You resist.
Casting: Iskenderun's Mystic Blast (mildly dangerous; 1% risk of failure)
Confirm with . or Enter, or press ? or * to list all spells.
The heat is drained from your surroundings.
You feel very cold. The monsters around you are frozen!
You kill the three-headed hydra!
Vehumet accepts your kill.
You feel your power returning.
The cyclops is almost dead.
The deep elf zephyrmancer resists.
The deep elf zephyrmancer is severely wounded.
The war gargoyle resists.
The war gargoyle is moderately damaged.
The war gargoyle hits you with a +0 flail!
A slime creature comes into view.
The cyclops throws a large rock.
The large rock closely misses you.
The war gargoyle hits you with a +0 flail!
As you read the scroll labelled FES KUUCZET, it crumbles to dust.
The scroll dissolves into smoke.
It was a scroll of fog.
The war gargoyle launches metal splinters at you.
The spray of metal splinters hits you!
You cannot drink potions in your current state!
The war gargoyle launches metal splinters at you.
The spray of metal splinters hits you!!
You die...

###### #.@§§#
#.##9#*********
#.#§e§#,,,*,,,*
########.#§§§§.,,+,,,#####
#........#...#.C.*,,,#....
#.#####..######'##*+*#....
#.# #..#,,,*,.[#,,,#....
#.#####..#,,,*,,.#.,,#..))
#........#,,,*,,,#J,,#...,


You could see a war gargoyle (catching breath).

Vanquished Creatures
  Kirke (D:12)
  A sphinx (shapeshifter) (D:8)
  An ironbound preserver (D:14)
  Azrael (D:13)
  Josephine (D:11)
  3 hydras
  3 centaur warriors
  4 boulder beetles
  Erica (D:8)
  3 two-headed ogres
  The ghost of meepyknight the Cleaver, a journeyman GrFi of the Shining One (D:11)
  A tengu warrior (D:8)
  4 skeletal warriors
  A wizard (D:14)
  Pikel (D:7)
  7 deep elf pyromancers
  8 cyclopes
  6 ugly things
  A manticore (D:11)
  A salamander (shapeshifter) (D:13)
  A gargoyle (D:7)
  Psyche (D:8)
  A kobold demonologist (D:8)
  A yaktaur (D:14)
  3 komodo dragons
  Maggie (D:7)
  2 tengu conjurers
  5 trolls
  7 meliai (D:14)
  A hornet (D:8)
  4 wraiths
  18 yaks
  5 hogs (D:12)
  3 fire elementals (D:13)
  A vampire (D:14)
  4 vampire mosquitoes (D:11)
  Grum (D:9)
  2 steam dragons
  A hell hound (D:13)
  5 acid dragons
  3 orc warriors
  8 ice beasts
  A black bear (D:4)
  2 necrophages
  2 sky beasts
  2 wolves (D:9)
  4 ogres
  3 centaurs (D:7)
  2 lemures (D:7)
  2 kobold brigands
  4 bullfrogs
  2 gnoll sergeants
  A scorpion (D:5)
  A water moccasin skeleton (D:6)
  11 killer bees
  4 wights (D:9)
  3 howler monkeys (D:12)
  2 electric eels (D:11)
  2 bullfrog zombies
  3 centaur zombies
  2 gnoll shamans
  Crazy Yiuf (D:7)
  2 centaur skeletons
  3 hounds
  6 orc priests
  A bullfrog skeleton (D:6)
  Terence (D:3)
  2 iguanas (D:6)
  A scorpion zombie (D:5)
  A killer bee zombie (D:8)
  13 gnolls
  A howler monkey zombie (D:10)
  15 adders
  2 white imps
  2 adder skeletons
  An adder zombie (D:2)
  3 worms
  5 dart slugs
  18 orcs
  9 ball pythons
  A bat skeleton (D:2)
  10 endoplasms
  2 giant cockroaches
  8 goblins
  5 hobgoblins
  25 kobolds
  3 quokkas
  3 ball python zombies (D:2)
  7 bats
  5 frilled lizards
  A goblin zombie (D:7)
  A kobold zombie (D:7)
  7 rats
346 creatures vanquished.

Vanquished Creatures (others)
  A wizard (D:10)
  6 demonic plants (D:1)
  12 fungi (D:1)
  16 plants
  6 withered plants
41 creatures vanquished.

Grand Total: 387 creatures vanquished

Notes
Turn   | Place    | Note
-------+----------+-------------------------------------------
     0 | D:1      | hawla the Draconian Conjurer began the quest for the Orb.
     0 | D:1      | Reached XP level 1. HP: 14/14 MP: 3/3
   179 | D:1      | Found a faded altar of an unknown god.
   422 | D:1      | Reached XP level 2. HP: 20/20 MP: 3/5
   427 | D:1      | Learned a level 2 spell: Searing Ray
  1001 | D:1      | Reached XP level 3. HP: 25/27 MP: 6/6
  1557 | D:2      | Reached skill level 5 in Conjurations
  1685 | D:2      | Reached XP level 4. HP: 34/34 MP: 1/7
  1690 | D:2      | Learned a level 4 spell: Iskenderun's Mystic Blast
  1793 | D:2      | Found Kaikaol's Jewellery Boutique.
  2819 | D:3      | Noticed Terence
  2865 | D:2      | Reached XP level 5. HP: 22/39 MP: 0/9
  3077 | D:3      | Gained mutation: Your magical capacity is low. (-10% MP)
                  | [potion of mutation]
  3077 | D:3      | Gained mutation: You have large cloven feet. [potion of
                  | mutation]
  3086 | D:3      | Killed Terence
  3087 | D:3      | Reached skill level 1 in Fighting
  3686 | D:3      | Found a burning altar of Makhleb.
  3960 | D:3      | Identified the +8 falchion of Courage {protect, rF+ Int+4
                  | SInv}
  4024 | D:4      | Identified a scroll of acquirement
  4024 | D:4      | Acquired 1091 gold pieces
  4122 | D:2      | Bought the ring of Geulagie {rElec MP+9 AC+4 Int+3 Dex+5}
                  | for 857 gold pieces
  4353 | D:4      | Reached XP level 6. HP: 47/47 MP: 9/9
  4484 | D:4      | Lost mutation: Your magical capacity is low. (-10% MP)
                  | [potion of mutation]
  4484 | D:4      | Lost mutation: You have large cloven feet. [potion of
                  | mutation]
  4484 | D:4      | Gained mutation: Your spells are a little harder to cast,
                  | but a little more powerful. [potion of mutation]
  4484 | D:4      | Gained mutation: You do not regenerate when monsters are
                  | visible. [potion of mutation]
  4484 | D:4      | Gained mutation: You expend magic power (3 MP) to
                  | strengthen your wands. [potion of mutation]
  5025 | D:5      | Entered Level 5 of the Dungeon
  5229 | D:5      | Noticed an ice beast
  5236 | D:5      | Killed an ice beast
  5237 | D:5      | Your scales start taking on a rich purple colour.
  5237 | D:5      | Reached XP level 7. HP: 56/56 MP: 11/14
  5333 | D:5      | Reached skill level 1 in Long Blades
  5527 | D:5      | Reached skill level 1 in Translocations
  5527 | D:5      | Reached skill level 1 in Evocations
  5564 | D:5      | Reached skill level 1 in Hexes
  5707 | D:5      | Reached skill level 5 in Spellcasting
  6093 | D:6      | Learned a level 7 spell: Ozocubu's Refrigeration
  6115 | D:6      | Reached XP level 8. HP: 51/63 MP: 15/15
  6190 | D:6      | Reached skill level 2 in Long Blades
  6354 | D:6      | Reached skill level 1 in Ice Magic
  6427 | D:6      | Reached skill level 3 in Long Blades
  6688 | D:6      | Noticed a boulder beetle
  6696 | D:6      | Found a staircase to the Ecumenical Temple.
  6707 | Temple   | Entered the Ecumenical Temple
  6952 | Temple   | Became a worshipper of Vehumet
  6977 | D:6      | Reached skill level 4 in Long Blades
  7840 | D:7      | Reached XP level 9. HP: 66/69 MP: 12/17
  8031 | D:7      | Noticed Maggie
  8045 | D:7      | Killed Maggie
  8045 | D:7      | Reached * piety under Vehumet
  8045 | D:7      | Offered knowledge of Freeze by Vehumet.
  8046 | D:7      | Reached skill level 5 in Long Blades
  8112 | D:7      | Reached skill level 5 in Ice Magic
  8206 | D:7      | Noticed Pikel
  8207 | D:7      | Found an opulent altar of Gozag.
  8225 | D:7      | Killed Pikel
  8226 | D:7      | Reached skill level 6 in Long Blades
  8463 | D:7      | Found a runed translucent door.
  8464 | D:7      | Noticed Crazy Yiuf
  8565 | D:7      | Reached skill level 7 in Long Blades
  8571 | D:7      | Found a runed translucent door.
  8579 | D:7      | Found a basalt altar of Yredelemnul.
  8598 | D:7      | Noticed a gargoyle
  8623 | D:7      | Killed a gargoyle
  8624 | D:7      | Reached XP level 10. HP: 32/77 MP: 6/19
  8905 | D:7      | Found a shimmering altar of Xom.
  9142 | D:7      | Killed Crazy Yiuf
  9148 | D:7      | Identified the +4 mace "Baor" {freeze, rF+ Str+5 Int-3}
  9206 | D:8      | Noticed Erica
  9227 | D:8      | Killed Erica
  9228 | D:8      | Reached skill level 8 in Long Blades
  9369 | D:8      | Noticed a two-headed ogre
  9380 | D:8      | Killed a two-headed ogre
  9588 | D:8      | Identified the +11 chain mail "Lull" {Harm rN+ rCorr Dex-4}
  9717 | D:8      | Noticed Psyche
  9725 | D:8      | Killed Psyche
  9783 | D:8      | Identified the +8 trident "Imip" {elec, MP+9 Int-5 Dex+2}
  9835 | D:8      | Noticed croobank's ghost (novice DjFE)
  9851 | D:8      | Found a transporter.
  9857 | D:8      | Found a transporter.
  9972 | D:8      | Noticed a deep elf pyromancer
  9981 | D:8      | Reached skill level 9 in Long Blades
  9984 | D:8      | Killed a deep elf pyromancer
  9984 | D:8      | Reached ** piety under Vehumet
  9985 | D:8      | Offered knowledge of Foxfire by Vehumet.
 10416 | D:8      | Noticed a centaur warrior
 10416 | D:8      | Noticed a tengu warrior
 10416 | D:8      | Noticed a red ugly thing
 10843 | D:8      | Reached XP level 11. HP: 76/82 MP: 20/20
 10895 | D:8      | Noticed a death drake
 10966 | D:8      | Identified the ring of Veqinin {MP+9 Int+5 Dex+4 Slay+5}
 10970 | D:8      | Killed a red ugly thing
 10971 | D:8      | Reached skill level 10 in Long Blades
 10999 | D:8      | Killed a tengu warrior
 11284 | D:8      | Lost mutation: Your spells are a little harder to cast, but
                  | a little more powerful. [potion of mutation]
 11284 | D:8      | Lost mutation: You do not regenerate when monsters are
                  | visible. [potion of mutation]
 11284 | D:8      | Gained mutation: Your mind is acute. (Int +2) [potion of
                  | mutation]
 11284 | D:8      | Gained mutation: Your mind is very acute. (Int +4) [potion
                  | of mutation]
 11472 | D:8      | Reached skill level 10 in Ice Magic
 11526 | D:8      | Noticed a sphinx
 11552 | D:8      | Killed a sphinx
 11696 | D:8      | Killed a centaur warrior
 12054 | D:8      | Reached skill level 11 in Long Blades
 12361 | D:9      | Found Xouro's Assorted Antiques.
 12369 | D:9      | Bought 2 scrolls labelled CUAMEG COUGIX for 46 gold pieces
 12369 | D:9      | Bought a silver wand for 92 gold pieces
 12369 | D:9      | Bought a scroll of identify for 46 gold pieces
 12523 | D:9      | Found a glowing silver altar of Zin.
 12916 | D:9      | Noticed Grum
 12940 | D:9      | Killed Grum
 12942 | D:9      | Offered knowledge of Mephitic Cloud by Vehumet.
 13349 | D:9      | Learned a level 3 spell: Mephitic Cloud
 13353 | D:9      | Learned a level 3 spell: Ignite Poison
 13460 | D:10     | Entered Level 10 of the Dungeon
 13689 | D:10     | Reached *** piety under Vehumet
 14110 | D:10     | Found a bloodstained altar of Trog.
 14111 | D:10     | Noticed a wizard
 14116 | D:10     | Killed a wizard
 14378 | D:11     | Noticed Josephine
 14394 | D:11     | Killed Josephine
 14563 | D:11     | Offered knowledge of Flame Wave by Vehumet.
 14655 | D:11     | Reached XP level 12. HP: 92/92 MP: 21/21
 14977 | D:11     | Found a runed translucent gate.
 14977 | D:11     | Found a runed translucent gate.
 14978 | D:11     | Found a runed translucent gate.
 14978 | D:11     | Noticed meepyknight's ghost (journeyman GrFi)
 15071 | D:11     | Noticed a boulder beetle
 15079 | D:11     | Killed a boulder beetle
 15080 | D:11     | Reached skill level 5 in Fighting
 15183 | D:11     | Found a staircase to the Lair.
 15888 | D:11     | Killed meepyknight's ghost
 15889 | D:11     | Reached skill level 12 in Long Blades
 16058 | D:12     | Noticed a two-headed ogre
 16113 | D:12     | Killed a two-headed ogre
 16113 | D:12     | Noticed a two-headed ogre
 16115 | D:12     | Noticed Kirke
 16118 | D:12     | Killed a two-headed ogre
 16238 | D:12     | Killed Kirke
 16289 | D:12     | Reached skill level 13 in Long Blades
 16628 | D:12     | Noticed a four-headed hydra
 16638 | D:12     | Killed a one-headed hydra
 16726 | D:12     | Found a staircase to the Orcish Mines.
 16767 | D:12     | Reached **** piety under Vehumet
 16834 | D:12     | Offered knowledge of Lee's Rapid Deconstruction by Vehumet.
 17077 | D:12     | Reached skill level 14 in Long Blades
 17315 | D:13     | Found a broken altar of Ashenzari.
 17462 | D:13     | Reached skill level 1 in Throwing
 17609 | D:13     | Noticed a centaur warrior
 17619 | D:13     | Killed a centaur warrior
 17620 | D:13     | Reached XP level 13. HP: 77/102 MP: 25/25
 17812 | D:13     | Noticed Azrael
 17814 | D:13     | Reached skill level 1 in Air Magic
 17814 | D:13     | Killed Azrael
 18194 | D:13     | Learned a level 6 spell: Iron Shot
 18212 | D:13     | Reached skill level 1 in Earth Magic
 18548 | D:13     | Reached skill level 5 in Air Magic
 20343 | D:14     | Found a gate to the Vaults.
 20343 | D:14     | Noticed an ironbound preserver
 20363 | D:14     | Killed an ironbound preserver
 20971 | D:14     | Noticed a war gargoyle
 20982 | D:14     | Killed from afar by a war gargoyle

Illustrated notes

Levels and vault maps discovered:
D:1:      psy_arrival_basics, layout_basic, shapermc_ecumenical_altar_gd
D:2:      layout_basic, serial_undead, serial_undead_d, serial_undead_b,
          serial_undead_e, serial_undead_f, serial_shops, shop
D:3:      layout_basic, lemuel_doored_altar, minmay_misc_feat_ornament,
          minmay_misc_feat_square, minmay_joined_circles, uniq_terence
D:4:      layout_loops_ring
D:5:      layout_loops_cross, st_stairs_6
D:6:      kennysheep_windowed_halls, layout_basic, minmay_temple_entry_glass
D:7:      layout_basic, grunt_gozag_statues, dk_yredelemnul_ordeal,
          mainiacjoe_overflow_boulevard, uniq_pikel, uniq_maggie,
          uniq_crazy_yiuf_cottage
D:8:      minmay_the_grid_octo_triangle [minmay_the_grid_octo_checkered,
          minmay_the_grid_octo_prize_big_c, minmay_the_grid_octo_teeth],
          layout_basic, gammafunk_ghost_gnarly_gnolls, minmay_diced_spiral,
          uniq_erica, uniq_psyche
D:9:      layout_cave_pods, mainiacjoe_overflow_tiny_flanked, serial_shops,
          nicolae_square_shop, solitary_fountain, uniq_grum
D:10:     layout_basic, trog_wizard, minmay_holes,
          minmay_fractal_squares_gapless_5
D:11:     layout_basic, david_lair_shrubbed, gammafunk_ghost_split,
          uniq_josephine
D:12:     layout_loops_cross, orc_0_dummy, uniq_kirke
D:13:     layout_stronghold, minivault_16, nicolae_ashenzari_panopticon,
          uniq_azrael
D:14:     layout_stronghold, skrybe_vaults_entry_preservation,
          gammafunk_ghost_icy, minmay_evil_grid
Temple:   nicolae_temple_elliptical

Skill      XL: |  1  2  3  4  5  6  7  8  9 10 11 12 13 |
---------------+----------------------------------------+-----
Stealth        | 2 3 4 |  4.0
Dodging        | 2 3 4 |  4.0
Conjurations   | 5 6 7 |  7.1
Fighting       | 1 2 3 4 6 |  6.5
Spellcasting   | 3 4 5 6 8 9 |  9.1
Long Blades    | 1 4 7 9 11 14 | 14.0
Translocations | 1 2 |  2.0
Evocations     | 1 |  1.0
Hexes          | 1 |  1.0
Ice Magic      | 3 7 9 11 12 | 12.0
Throwing       | 2 4 |  4.3
Air Magic      | 7 |  7.2
Earth Magic    | 2 |  2.3
Shields        | |  0.1
Transmutations | |  0.5
Fire Magic     | |  0.5
Poison Magic   | |  0.5

Action                   |  1- 3 |  4- 6 |  7- 9 | 10-12 | 13-15 || total
-------------------------+-------+-------+-------+-------+-------++-------
Melee: Unarmed           |    12 |       |       |       |       ||    12
       Tailslap          |     3 |    20 |    24 |    41 |    15 ||   103
       Punch             |     1 |       |       |       |       ||     1
       Short sword       |    28 |   112 |       |       |       ||   140
       Falchion          |       |    21 |   115 |   161 |    52 ||   349
       Kick              |       |    12 |       |       |       ||    12
       Scimitar          |       |       |       |     6 |    16 ||    22
Throw: Dart              |       |       |       |     2 |     3 ||     5
 Cast: Magic Dart        |    28 |    12 |     6 |    17 |     3 ||    66
       Searing Ray       |    13 |    33 |    24 |    64 |     6 ||   140
       Iskenderun's Myst |       |     3 |    23 |    57 |    25 ||   108
       Ozocubu's Refrige |       |       |       |    33 |    34 ||    67
       Mephitic Cloud    |       |       |       |     1 |     4 ||     5
       Ignite Poison     |       |       |       |     1 |     3 ||     4
Evoke: Wand              |       |       |       |     2 |       ||     2
  Use: Scroll            |     2 |     6 |     7 |    12 |     4 ||    31
       Potion            |       |     4 |     8 |     4 |     1 ||    17
 Stab: Sleeping          |       |     4 |     4 |     1 |       ||     9
       Confused          |       |       |       |     1 |     1 ||     2
Armor: Skin              |    16 |    35 |    89 |   109 |    41 ||   290
Dodge: Dodged            |    22 |   107 |   118 |   148 |    45 ||   440
       Repelled          |       |       |       |       |     1 ||     1
Block: Buckler           |       |     5 |    20 |    82 |    28 ||   135
